 Dungeon Crawl Stone Soup version 0.19.3-1-g3169bf9 (webtiles) character file.

35 Jynx the Chiller (level 3, -6/24 HPs)
             Began as a Demonspawn Ice Elementalist on Jan 23, 2017.
             Mangled by a worm (10 damage)
             ... on level 2 of the Dungeon.
             The game lasted 00:03:06 (1720 turns).

Jynx the Chiller (Demonspawn Ice Elementalist)      Turns: 1720, Time: 00:03:06

Health: -6/24      AC:  2    Str: 11    XL:     3   Next: 17%
Magic:  4/6        EV: 13    Int: 17    God:
Gold:   37         SH:  0    Dex: 13    Spells: 2 memorised, 2 levels left

rFire  + . .     SeeInvis .     j - +2 short sword (flame)
rCold  . . .     Gourm    .     a - +0 robe
rNeg   . . .     Faith    .     (no shield)
rPois  .         Spirit   .     (no helmet)
rElec  .         Reflect  .     (no cloak)
rCorr  .         Harm     .     (no gloves)
MR     .....                    (no boots)
Stlth  ++........               (no amulet)
                                (no ring)
                                g - +3 ring of strength

@: no status effects
A: hooves 1, fire resistance 1
a: no special abilities


You were on level 2 of the Dungeon.
You were not hungry.

You visited 1 branch of the dungeon, and saw 2 of its levels.

You collected 37 gold pieces.

Inventory:

Hand Weapons
 j - a +2 short sword of flaming (weapon)
 k - a +0 short sword of protection
Armour
 a - a +0 robe (worn)
Jewellery
 g - a +3 ring of strength (left hand)
Scrolls
 h - a scroll of enchant weapon {unknown}
 i - a scroll of amnesia {unknown}
Potions
 e - a potion of flight {unknown}
 f - 2 potions of brilliance {unknown}
Books
 b - a book of Frost

   Spells                             Type                      Level
   a - Freeze                         Ice                          1
   b - Throw Frost                    Conjuration/Ice              2
   c - Ozocubu's Armour               Charms/Ice                   3
   d - Throw Icicle                   Conjuration/Ice              4
   e - Summon Ice Beast               Ice/Summoning                4
Comestibles
 c - 2 bread rations
 d - a beef jerky


   Skills:
 + Level 0.0 Short Blades
 + Level 2.4 Dodging
 - Level 1.7 Stealth
 + Level 2.2 Spellcasting
   Level 1.0 Conjurations
 * Level 3.3 Ice Magic


You had 2 spell levels left.
You knew the following spells:

 Your Spells              Type           Power        Failure   Level  Hunger
a - Freeze                Ice            ##..         6%          1    #......
b - Ozocubu's Armour      Chrm/Ice       #.......     30%         3    ###....


Dungeon Overview and Level Annotations

Branches:
Dungeon (2/15)

Altars:


Innate Abilities, Weirdness & Mutations

You have large cloven feet.
Your flesh is heat resistant. (rF+)


Message History

The worm is moderately wounded.
The worm bites you!
* * * LOW HITPOINT WARNING * * *
You are too injured to fight recklessly!
Casting: Freeze
Confirm with . or Enter, or press ? or * to list all spells.
Aiming: Freeze
Press: ? - help, Shift-Dir - straight line, f - worm
Aim: a worm (moderately wounded)
You freeze the worm.
The worm is heavily wounded.
Casting: Freeze
Confirm with . or Enter, or press ? or * to list all spells.
Aiming: Freeze
Press: ? - help, Shift-Dir - straight line, f/p - worm
Aim: a worm (heavily wounded)
You freeze the worm.
The worm is severely wounded.
The worm bites you!
You die...

#..<....#
#.#####.###....
#.......### .
#.####....#
#....#
####....# #
#...#..<#.#
#..)###...#
+...'.@w[.+
#...#....##
#...#....#
#...#....#
#####....#
###.... .....
.....


You could see a worm.

Vanquished Creatures
  A leopard gecko (D:1)
  3 bats (D:1)
  2 giant cockroaches (D:1)
  6 goblins
  5 hobgoblins (D:1)
  6 jackals (D:1)
  3 frilled lizards (D:1)
  3 rats (D:1)
29 creatures vanquished.

Notes
Turn   | Place    | Note
-------+----------+-------------------------------------------
     0 | D:1      | Jynx the Demonspawn Ice Elementalist began the quest for the Orb.
     0 | D:1      | Reached XP level 1. HP: 13/13 MP: 3/3
   472 | D:1      | Gained mutation: You have large cloven feet. [demonic ancestry]
   472 | D:1      | Reached XP level 2. HP: 15/19 MP: 1/5
   495 | D:1      | Reached skill level 3 in Ice Magic
  1388 | D:1      | Gained mutation: Your flesh is heat resistant. (rF+) [demonic ancestry]
  1388 | D:1      | Reached XP level 3. HP: 21/24 MP: 1/6
  1659 | D:1      | Learned a level 3 spell: Ozocubu's Armour
  1720 | D:2      | Mangled by a worm

Skill      XL: |  1  2 |
---------------+-------+-----
Dodging        | 2 |  2.4
Ice Magic      | 3 |  3.3
Stealth        | |  1.7
Spellcasting   | |  2.2
Conjurations   | |  1.0

Action                   || total
-------------------------++-------
Melee: Unarmed           ||    56
       Kick              ||     8
       Short sword       ||     4
 Cast: Freeze            ||    43
  Eat: Chunk             ||     3
Armor: Robe              ||    29
Dodge: Dodged            ||   105
